 Dungeon Crawl Stone Soup version 0.20.1-1-g8b1a95d66d (webtiles) character file.

21 Jynx the Changer (level 2, -2/23 HPs)
             Began as a Draconian Transmuter on Dec 27, 2017.
             Slain by Terence
             ... wielding a +1 short sword of venom
              (3 damage)
             ... on level 2 of the Dungeon.
             The game lasted 00:01:58 (1354 turns).

Jynx the Changer (Draconian Transmuter)             Turns: 1354, Time: 00:01:59

Health: -2/23      AC:  4    Str: 12    XL:     2   Next: 62%
Magic:  1/5        EV: 12    Int: 13    God:
Gold:   116        SH:  0    Dex: 11    Spells: 2/5 levels left

rFire    . . .     SeeInvis .     - Unarmed
rCold    . . .     Gourm    .   (no shield)
rNeg     . . .     Faith    .   (armour unavailable)
rPois    .         Spirit   .   (helmet restricted)
rElec    .         Reflect  .   (no cloak)
rCorr    .         Harm     .   (no gloves)
MR       .....                  (boots currently unavailable)
Stlth    +.........             (no amulet)
Regen    0.1/turn               (no ring)
MPRegen  0.1/turn               (no ring)

@: lethally poisoned (-2 -> -25), appendage (expiring)
A: unfitting armour, talons 3, cold-blooded, AC +4
a: End Transformation


You were on level 2 of the Dungeon.
You were hungry.
You had grown temporary talons.
You visited 1 branch of the dungeon, and saw 2 of its levels.

You collected 116 gold pieces.

Inventory:

Missiles
 a - 28 arrows
Jewellery
 i - an uncursed ring of positive energy {unknown}
Potions
 d - a potion of curing {unknown}
Books
 b - a book of Changes

   Spells                             Type                      Level
   a - Beastly Appendage              Transmutation                1
   b - Sticks to Snakes               Transmutation                2
   c - Spider Form                    Transmutation/Poison         3
   d - Ice Form                       Ice/Transmutation            4
   e - Blade Hands                    Transmutation                5
Comestibles
 c - 4 bread rations
 f - a royal jelly


   Skills:
 - Level 1.1 Fighting
 - Level 1.7 Dodging
 + Level 0.6 Stealth
 - Level 3.0 Unarmed Combat
 - Level 2.0 Spellcasting
 * Level 3.1 Transmutations


You had 2 spell levels left.
You knew the following spells:

 Your Spells              Type           Power        Failure   Level  Hunger
a - Beastly Appendage     Tmut           #.....       7%          1    ##.....
b - Sticks to Snakes      Tmut           #.......     11%         2    ###....


Dungeon Overview and Level Annotations

Branches:
Dungeon (2/15)

Altars:

Annotations:
D:2 Terence


Innate Abilities, Weirdness & Mutations

Your plain brown scales are hard. (AC +4)
You cannot fit into any form of body armour.
You are cold-blooded and may be slowed by cold attacks.
You have claws for feet.


Message History

The goblin closely misses you.
Casting: Beastly Appendage
Confirm with . or Enter, or press ? or * to list all spells.
You create a snake!
You now have 28 arrows.
* * * LOW HITPOINT WARNING * * *
You feel sick.
Terence hits you with a short sword of venom.
* * * LOW HITPOINT WARNING * * *
You are more poisoned.
The goblin barely misses you.
A goblin comes into view.
You closely miss Terence.
The goblin shouts!
You claw Terence, but do no damage.
Terence is severely wounded.
Your transformation is almost over.
* * * LOW HITPOINT WARNING * * *
You feel sick.
Terence hits you with a short sword of venom.
You die...

... #.# #.# #.#
# #.# #.####S#
#......#
###)....@#
.......g@#
###>....).......
#......#######
#).....#
#......#
#.####.# #g #.#
# #.#


You could see Terence, 2 goblins and a friendly ball python.

Vanquished Creatures
  2 leopard geckos (D:1)
  A giant cockroach (D:1)
  A goblin (D:1)
  3 jackals (D:1)
  5 frilled lizards (D:1)
  4 kobolds (D:1)
  3 rats (D:1)
19 creatures vanquished.

Vanquished Creatures (collateral kills)
  A goblin (D:2)
1 creature vanquished.

Grand Total: 20 creatures vanquished

Notes
Turn   | Place    | Note
-------+----------+-------------------------------------------
     0 | D:1      | Jynx the Draconian Transmuter began the quest for the Orb.
     0 | D:1      | Reached XP level 1. HP: 16/16 MP: 3/3
   362 | D:1      | Reached XP level 2. HP: 5/23 MP: 3/5
   982 | D:1      | Learned a level 2 spell: Sticks to Snakes
  1337 | D:2      | Noticed Terence
  1354 | D:2      | HP: 1/23 [poisoned by Terence]
  1354 | D:2      | Slain by Terence

Skill      XL: |  1  2 |
---------------+-------+-----
Transmutations | 3 |  3.1
Fighting       | |  1.1
Dodging        | |  1.7
Stealth        | |  0.6
Unarmed Combat | |  3.0
Spellcasting   | |  2.0

Action                   || total
-------------------------++-------
Melee: Unarmed           ||    76
       Tailslap          ||     5
       Headbutt          ||     2
       Kick              ||     7
 Cast: Beastly Appendage ||     7
       Sticks to Snakes  ||     2
  Use: Scroll            ||     4
 Stab: Sleeping          ||     1
  Eat: Chunk             ||     1
Armor: Skin              ||    16
Dodge: Dodged            ||    57
